 Dungeon Crawl Stone Soup version 0.21.1-1-g345015f (webtiles) character file.

945 Hebeh the Chopper (level 7, -2/66 HPs)
             Began as a Deep Dwarf Fighter on June 21, 2018.
             Slain by an ogre
             ... wielding a +0 giant club
              (8 damage)
             ... on level 5 of the Dungeon.
             The game lasted 00:22:29 (4400 turns).

Hebeh the Chopper (Deep Dwarf Fighter)              Turns: 4400, Time: 00:22:29

Health: -2/66      AC:  8    Str: 21    XL:     7   Next: 89%
Magic:  0/6        EV:  7    Int:  9    God:
Gold:   309        SH: 11    Dex: 12    Spells: 6/6 levels left

rFire    + . .     SeeInvis .   a - +0 war axe
rCold    . . .     Gourm    .   c - +1 shield
rNeg     . . .     Faith    .   e - +0 scale mail
rPois    .         Spirit   +   p - +0 helmet
rElec    .         Reflect  .   (no cloak)
rCorr    .         Harm     .   (no gloves)
MR       +....                  (no boots)
Stlth    ..........             n - amulet of guardian spirit
HPRegen  0.00/turn              l - ring of protection from fire
MPRegen  0.10/turn              (no ring)

@: non-regenerating
A: damage resistance, heal wounds, sense surroundings 1, no regeneration
a: Heal Wounds


You were on level 5 of the Dungeon.
You were not hungry.

You visited 2 branches of the dungeon, and saw 6 of its levels.

You collected 309 gold pieces.

Inventory:

Hand Weapons
 a - a +0 war axe (weapon)
Armour
 c - a +1 shield (worn)
 e - a +0 scale mail (worn)
 p - a +0 helmet (worn)
Jewellery
 l - a ring of protection from fire (left hand)
 n - an amulet of guardian spirit (around neck)
Scrolls
 b - 2 scrolls of remove curse
 g - a scroll of magic mapping
 i - a scroll of amnesia {unknown}
 k - 3 scrolls of teleportation
 q - a scroll of blinking
Potions
 d - a potion of might
 h - a potion of brilliance
 j - 2 potions of curing
 m - a potion of ambrosia {unknown}
 o - a potion of invisibility {unknown}
 r - a potion of mutation
 s - 2 potions of heal wounds {unknown}
 t - a potion of degeneration {unknown}
Comestibles
 f - 7 rations


   Skills:
 + Level 4.5 Fighting
 * Level 6.6 Axes
 + Level 5.5 Armour
 + Level 5.4 Shields


You had 6 spell levels left.
You didn't know any spells.

Dungeon Overview and Level Annotations

Branches:
Dungeon (5/15)             Temple (1/1) D:5

Altars:
Ashenzari
Cheibriados
Dithmenos
Elyvilon
Fedhas
Gozag
Hepliaklqana
Kikubaaqudgha
Nemelex Xobeh
Okawaru
Qazlal
Ru
Sif Muna
Trog
Uskayaw
Vehumet
Xom
Yredelemnul
Zin


Innate Abilities, Weirdness & Mutations

You are resistant to damage.
You can heal yourself by infusing magical energy.
You passively map a small area around you.
You do not regenerate.


Message History

You destroy the quokka skeleton!
You closely miss the ice beast. You block the ice beast's attack.
You hit the ogre.
The ogre is lightly wounded.
You closely miss the ice beast. The ogre hits you with a giant club!!
The ice beast hits you. The ice beast freezes you!
* * * LOW HITPOINT WARNING * * *
You slash the ogre!
The ogre is heavily wounded.
You hit the ice beast. You block the ice beast's attack.
The ogre hits you but does no damage. The ice beast barely misses you.
Your shield prevents you from hitting the ogre.
The ogre is heavily wounded.
You hit the ice beast but do no damage. The ogre hits you with a giant club!
* * * LOW HITPOINT WARNING * * *
You block the ice beast's attack.
Your scale mail prevents you from hitting the ogre.
The ogre is heavily wounded.
You closely miss the ice beast. The ogre hits you with a giant club!
You die...

, #................... ,
+...................
*#..# #######.# *
*#..#####+##..####.# ,,
, ,,,#.........#........
, #.........#........ +
* ,, ,
#.a##....########.. ,
#YO##....##..####..
*#.@........[...)... ,
#......................
,
,#......................
#......................
#......................
*
#...##..############.###
#... #..#* ... *#.##.
##. *#... .... ..<#. , ,
,.... , , #.


You could see an ice beast, an ogre and a worker ant.

Vanquished Creatures
  The ghost of tidbits the Charmwright, a novice GnSk (D:4)
  A phantom (D:4)
  Blork the orc (D:4)
  A bullfrog (D:5)
  A scorpion (D:4)
  An orc priest (D:4)
  3 orc wizards (D:4)
  3 worker ants
  10 adders
  An ooze (D:4)
  2 adder skeletons (D:4)
  2 worms (D:4)
  4 dart slugs
  5 leopard geckos
  6 orcs
  A ball python (D:4)
  6 giant cockroaches
  6 goblins
  5 hobgoblins
  3 jackals (D:1)
  A quokka (D:5)
  9 bats
  4 frilled lizards
  7 kobolds
  A quokka skeleton (D:5)
  11 rats
  A spectral orc (D:2)
97 creatures vanquished.

Notes
Turn   | Place    | Note
-------+----------+-------------------------------------------
     0 | D:1      | Hebeh the Deep Dwarf Fighter began the quest for the Orb.
     0 | D:1      | Reached XP level 1. HP: 20/20 MP: 1/1
   284 | D:1      | Reached XP level 2. HP: 24/27 MP: 2/2
   723 | D:1      | Reached skill level 3 in Axes
  1156 | D:2      | Reached XP level 3. HP: 28/33 MP: 3/3
  1384 | D:2      | Reached XP level 4. HP: 30/42 MP: 4/4
  1652 | D:2      | Found a basalt altar of Yredelemnul.
  1997 | D:3      | Found a shadowy altar of Dithmenos.
  2571 | D:3      | Reached XP level 5. HP: 42/49 MP: 5/5
  2739 | D:3      | Reached skill level 4 in Axes
  3286 | D:4      | Noticed Blork the orc
  3311 | D:4      | Killed Blork the orc
  3311 | D:4      | Reached XP level 6. HP: 25/57 MP: 6/6
  3344 | D:4      | Noticed tidbits's ghost (novice GnSk)
  3403 | D:4      | Killed tidbits's ghost
  3403 | D:4      | Reached skill level 5 in Axes
  3403 | D:4      | Reached skill level 5 in Armour
  3403 | D:4      | Reached XP level 7. HP: 29/64 MP: 0/7
  3455 | D:4      | Reached skill level 5 in Shields
  3670 | D:4      | Reached skill level 6 in Axes
  3966 | D:5      | Entered Level 5 of the Dungeon
  4067 | D:5      | Found a staircase to the Ecumenical Temple.
  4077 | Temple   | Entered the Ecumenical Temple
  4400 | D:5      | Slain by an ogre

Skill      XL: |  1  2  3  4  5  6  7 |
---------------+----------------------+-----
Axes           | 3 4 5 6 |  6.6
Fighting       | 3 4 |  4.5
Armour         | 4 5 |  5.5
Shields        | 4 5 |  5.4

Action                   |  1- 3 |  4- 6 |  7- 9 || total
-------------------------+-------+-------+-------++-------
Melee: War axe           |    98 |   173 |   130 ||   401
 Abil: Heal Wounds       |       |     3 |     4 ||     7
  Use: Scroll            |     3 |     4 |     6 ||    13
  Eat: Chunk             |     2 |     6 |     4 ||    12
Armor: Scale mail        |    61 |    68 |    34 ||   163
Dodge: Dodged            |    26 |    45 |    21 ||    92
Block: Shield            |    63 |   106 |    71 ||   240
